 Dungeon Crawl Stone Soup version 0.23.1-37-gaa34b87b72 (webtiles) character file.

Game seed: 3262245852121621649

146 GGGomer the Skirmisher (level 5, 0/47 HPs)
             Began as a Hill Orc Fighter on Mar 20, 2019.
             Was an Initiate of Zin.
             Slain by an ogre
             ... wielding a +0 giant spiked club
              (13 damage)
             ... on level 5 of the Dungeon.
             The game lasted 00:11:19 (2251 turns).

GGGomer the Skirmisher (Hill Orc Fighter)           Turns: 2251, Time: 00:11:20

Health: 0/47       AC:  8    Str: 20    XL:     5   Next: 28%
Magic:  5/5        EV:  7    Int:  8    God:    Zin [......]
Gold:   42         SH:  9    Dex: 10    Spells: 4/4 levels left

rFire    . . .     SeeInvis .   a - +0 war axe
rCold    . . .     Gourm    .   c - +0 shield
rNeg     . . .     Faith    .   b - +0 scale mail
rPois    .         Spirit   .   (no helmet)
rElec    .         Reflect  .   u - +0 cloak
rCorr    .         Harm     .   (no gloves)
MR       .....                  (no boots)
Stlth    ..........             (no amulet)
HPRegen  0.15/turn              (no ring)
MPRegen  0.09/turn              (no ring)

@: no status effects
A: no striking features
a: Donate Gold, Renounce Religion


You were on level 5 of the Dungeon.
You worshipped Zin.
Zin was noncommittal.
You were not hungry.

You visited 1 branch of the dungeon, and saw 4 of its levels.

You collected 84 gold pieces.
You donated 42 gold pieces to Zin.

Inventory:

Hand Weapons
 a - a +0 war axe (weapon)
 q - a +0 hunting sling
Missiles
 l - 61 stones (quivered)
 r - 21 bolts
 s - 22 sling bullets
 x - 28 arrows
 z - 4 tomahawks
Armour
 b - a +0 scale mail (worn)
 c - a +0 shield (worn)
 u - a +0 cloak (worn)
 v - a +2 robe of magic resistance
Jewellery
 t - a cursed ring of teleportation {unknown}
Scrolls
 h - a scroll of magic mapping {unknown}
 i - 6 scrolls of identify {unknown}
 m - 6 scrolls of remove curse {unknown}
 n - a scroll of random uselessness {unknown}
 o - a scroll of teleportation {unknown}
 p - a scroll of immolation {unknown}
 w - a scroll of fog {unknown}
 y - a scroll of enchant weapon {unknown}
Potions
 d - 2 potions of might
 e - 7 potions of curing {unknown}
 g - a potion of heal wounds {unknown}
 j - 2 potions of degeneration {unknown}
 k - a potion of resistance {unknown}
 A - a potion of flight {unknown}
Comestibles
 f - 4 rations


   Skills:
 + Level 4.7 Fighting
 + Level 4.4 Axes
 + Level 3.8 Armour
 + Level 0.2 Dodging
 + Level 0.1 Stealth
 + Level 4.2 Shields


You had 4 spell levels left.
You didn't know any spells.
Your spell library was empty.

Dungeon Overview and Level Annotations

Branches:
Dungeon (3/15)

Altars:
Zin

Shops:
D:2 *


Message History

The ogre shouts!
The ogre moves out of view.
The ogre is too close now for your liking.
You hit the ogre.
The ogre is lightly wounded.
You block the ogre's attack.
You slash the ogre!
The ogre is moderately wounded.
The ogre hits you with a +0 giant spiked club!!
You barely miss the ogre.
The ogre is moderately wounded.
The ogre hits you with a +0 giant spiked club!
You slash the ogre!
The ogre is severely wounded.
The ogre hits you with a +0 giant spiked club.
* * * LOW HITPOINT WARNING * * *
You hit the ogre.
The ogre is severely wounded.
The ogre hits you with a +0 giant spiked club!
You die...

.... .# .... ..#
#. ..## ## ...#
#..# #####..##
###### #.......##
#.....
......O@.## ###
#.....
......##..###..##
##.... .....
##.......# #....
#### ##......##
##... #.......#
#... #.......##
##.#
#........###.##
#........##..#
#.........#.##


You could see an ogre.

Vanquished Creatures
  An orc priest (D:3)
  A hound (D:3)
  An adder (D:2)
  An ooze (D:1)
  3 worms
  2 dart slugs
  A leopard gecko (D:2)
  7 orcs (D:3)
  3 giant cockroaches
  8 goblins
  4 hobgoblins
  A ball python (D:3)
  7 bats
  4 frilled lizards
  5 kobolds
  4 rats
53 creatures vanquished.

Notes
Turn   | Place    | Note
-------+----------+-------------------------------------------
     0 | D:1      | GGGomer the Hill Orc Fighter began the quest for the Orb.
     0 | D:1      | Reached XP level 1. HP: 19/19 MP: 1/1
   157 | D:1      | Reached XP level 2. HP: 25/27 MP: 2/2
   435 | D:1      | Reached XP level 3. HP: 33/33 MP: 3/3
  1028 | D:2      | Found Zin's Purification Station.
  1029 | D:2      | Found a glowing silver altar of Zin.
  1061 | D:2      | Became a worshipper of Zin the Law-Giver
  1071 | D:2      | Donated 34 gold pieces to Zin
  1274 | D:2      | Reached XP level 4. HP: 40/40 MP: 4/4
  2050 | D:3      | Reached XP level 5. HP: 46/47 MP: 5/5
  2203 | D:3      | You fall through a shaft for 2 floors!
  2203 | D:5      | Entered Level 5 of the Dungeon
  2244 | D:5      | Noticed an ogre
  2251 | D:5      | Slain by an ogre

Skill      XL: |  1  2  3  4 |
---------------+-------------+-----
Fighting       | 4 |  4.7
Axes           | 3 4 |  4.4
Shields        | 4 |  4.2
Armour         | |  3.8
Dodging        | |  0.2
Stealth        | |  0.1

Action                   |  1- 3 |  4- 6 || total
-------------------------+-------+-------++-------
Melee: War axe           |   102 |    71 ||   173
Invok: Donate Gold       |     1 |       ||     1
  Eat: Chunk             |     1 |     1 ||     2
       Ration            |       |     1 ||     1
Armor: Scale mail        |    54 |    24 ||    78
Dodge: Dodged            |    38 |    18 ||    56
Block: Shield            |    54 |    35 ||    89
